 Dungeon Crawl Stone Soup version 0.30-a0-23-ge60ba3568b (webtiles) character file.

Game seed: 6849649293738019075

97 freelancePsychic the Trooper (level 4, -4/37 HPs)
             Began as a Demonspawn Fighter on Aug 25, 2022.
             Killed by divine providence
             ... invoked by an orc priest
              (16 damage)
             ... on level 4 of the Dungeon.
             The game lasted 00:03:00 (2971 turns).

freelancePsychic the Trooper (Demonspawn Fighter)   Turns: 2971, Time: 00:03:01

Health: -4/37      AC:  7    Str: 18    XL:     4   Next: 42%
Magic:  4/4        EV:  9    Int: 10    God:
Gold:   155        SH:  4    Dex: 12    Spells: 3/3 levels left

rFire   . . .      SeeInvis .    a - +1 flail (vorpal)
rCold   . . .      Faith    .    c - +0 buckler
rNeg    . . .      Spirit   .    b - +0 scale mail
rPois   .          Reflect  .    (helmet restricted)
rElec   .          Harm     .    (no cloak)
rCorr   .          Rampage  .    (no gloves)
Will    .....                    f - +0 pair of boots
Stlth   ..........               (no amulet)
HPRegen 0.12/turn                (no ring)
MPRegen 0.09/turn                (no ring)

@: mighty, about to teleport
A: horns 1, sturdy frame 1
a: no special abilities


You were on level 4 of the Dungeon.
You visited 1 branch of the dungeon, and saw 4 of its levels.

You collected 155 gold pieces.

Inventory:

Hand Weapons
 a - a +1 vorpal flail (weapon)
Armour
 b - a +0 scale mail (worn)
 c - a +0 buckler (worn)
 f - a +0 pair of boots (worn)
Scrolls
 j - a scroll of brand weapon
 k - a scroll of fog {unknown}
 m - a scroll of poison {unknown}
Potions
 d - a potion of might
 e - a potion of haste {@q3}
 g - a potion of brilliance
 i - a potion of resistance {unknown}


   Skills:
 + Level 3.8 Fighting
 * Level 3.6 Maces & Flails
 - Level 2.6 Armour
 - Level 2.6 Shields


You had 3 spell levels left.
You didn't know any spells.
Your spell library contained the following spells:

 Spells                   Type           Power      Damage    Failure   Level
 Necrotise                Necr           0%         1d4       71%         1
 Portal Projectile        Hex/Tloc       0%         N/A       97%         3
 Tukima's Dance           Hex            0%         N/A       97%         3
 Vampiric Draining        Necr           0%         2d6       97%         3
 Agony                    Necr           0%         N/A       100%        5
 Blade Hands              Tmut           0%         N/A       100%        5


Dungeon Overview and Level Annotations

Branches:
Dungeon (4/15)
 Temple: D:4-7

Altars:

Shops:
D:1 :[[**   D:3 !

Annotations:
D:4 1 transporter


Innate Abilities, Weirdness & Mutations

You have a pair of small horns on your head.
Your movements are slightly less encumbered by armour. (ER -2)


Message History

You hear some strange, mumbled words.
You are confused.
Something hits you but does no damage.
You are too confused!
You are too confused!
You are too confused!
You are too confused!
You are too confused!
You are too confused!
You are too confused!
You are too confused!
You are too confused!
You are too confused!
You are too confused!
You are too confused!
You are too confused!
You are too confused!
You are too confused!
You are too confused!
You miss something.
You hear some strange, mumbled words.
A magic dart appears from out of thin air!
The magic dart hits you!
The orc priest miscasts a cantrip.
You barely miss something. Something hits you.
You completely miss something. Your headbutt misses something.
Something hits you but does no damage. Something completely misses you.
You barely miss something.
You feel less confused.
You hear some strange, mumbled words.
A puff of flame appears from out of thin air!
The puff of flame hits you!
You miss something. Something hits you.
The orc priest looks braver for a moment.
Okay, then.
As you read the scroll of teleportation {@r4}, it crumbles to dust.
You feel strangely unstable. Something hits you but does no damage.
The orc priest invokes the aid of Beogh against you.
Beogh smites you!
You die...

...# ... ###..
#..######......
...#..@{go.....
#.##.####....).
#.##.# ##... #.##.# .
# ##....###.
#.##............
#....###########
#########.#8P#SS~~~~~
#.>.......#..#.......


You could see an orc priest and a goblin.

Vanquished Creatures
  An orc wizard (D:4)
  3 adders
  3 bats
  2 endoplasms
  4 giant cockroaches
  6 goblins
  3 hobgoblins
  6 jackals (D:1)
  2 kobolds
  3 quokkas
  4 ball pythons
  A frilled lizard (D:1)
  3 rats
41 creatures vanquished.

Vanquished Creatures (others)
  2 withered plants (D:1)
2 creatures vanquished.

Grand Total: 43 creatures vanquished

Notes
Turn   | Place    | Note
-------+----------+-------------------------------------------
     0 | D:1      | freelancePsychic the Demonspawn Fighter began the quest for
                  | the Orb.
     0 | D:1      | Reached XP level 1. HP: 18/18 MP: 1/1
    97 | D:1      | Found Forchask's Book Boutique.
   409 | D:1      | Gained mutation: You have a pair of small horns on your
                  | head. [demonic ancestry]
   409 | D:1      | Reached XP level 2. HP: 21/24 MP: 2/2
   472 | D:1      | Found a faded altar of an unknown god.
   659 | D:1      | Found Naerr's Antique Armour Emporium.
   722 | D:1      | Found Arof's Armour Emporium.
   734 | D:1      | Found Jybeno's General Store.
   745 | D:1      | Found Xisofos's Assorted Antiques.
  1506 | D:2      | Reached XP level 3. HP: 24/29 MP: 3/3
  2422 | D:3      | Found Nialarun's Distillery.
  2935 | D:4      | Found a transporter.
  2955 | D:4      | Gained mutation: Your movements are slightly less
                  | encumbered by armour. (ER -2) [demonic ancestry]
  2955 | D:4      | Reached XP level 4. HP: 37/37 MP: 4/4
  2971 | D:4      | Killed from afar by an orc priest

Illustrated notes

Levels and vault maps discovered:
D:1:      dpeg_chamrin_arrival_tetris, layout_basic,
          ebering_ecumenical_altar_petrified, serial_shops, shop, shop,
          nicolae_shop_crystal, nicolae_shop_stone,
          nicolae_shop_overgrown_old_shop, kennysheep_flooded_box
D:2:      layout_loops_corners
D:3:      layout_basic, serial_shops, shop
D:4:      gammafunk_steamed_eel, layout_loops_cross, minmay_temple_entry_wispy,
          nicolae_shop_clearance, uniq_blork_the_orc, uniq_edmund

Skill      XL: |  1  2  3 |
---------------+----------+-----
Maces & Flails | 2 3 |  3.6
Fighting       | |  3.8
Armour         | |  2.6
Shields        | |  2.6

Action                   |  1- 3 |  4- 6 || total
-------------------------+-------+-------++-------
Melee: Flail             |   101 |    12 ||   113
       Headbutt          |     8 |     1 ||     9
  Use: Scroll            |     5 |     2 ||     7
       Potion            |       |     1 ||     1
Armor: Scale mail        |    55 |    10 ||    65
Dodge: Dodged            |    41 |     2 ||    43
Block: Buckler           |    24 |     3 ||    27

Table legend: (Time is in decaauts)
 A = Elapsed time spent in this place.
 B = Non-inter-level travel time spent in this place.
 C = Inter-level travel time spent in this place.
 D = Time resting spent in this place.
 E = Time spent auto-exploring this place.
 F = Levels seen in this place.
 G = Mean time per level.
                   A        B        C        D        E       F      G
               +--------+--------+--------+--------+--------+-----+--------+
         Total |   3005 |   2833 |    172 |      0 |   2506 |   4 |  751.2 |
       Dungeon |   3005 |   2833 |    172 |      0 |   2506 |   4 |  751.2 |
               +--------+--------+--------+--------+--------+-----+--------+

Top non-repeatable levels by time:
     D:1: 1243 daAuts
     D:2: 1028 daAuts
     D:3: 683 daAuts
     D:4: 51 daAuts
